 Dungeon Crawl Stone Soup version 0.23.2-1-ga50397a (webtiles) character file.

Game seed: 4739255949138073805

128 xveg the Slinger (level 5, -1/35 HPs)
             Began as a Halfling Hunter on May 9, 2019.
             Slain by an orc
             ... wielding a +0 flail
              (2 damage)
             ... on level 2 of the Dungeon.
             The game lasted 00:03:26 (1395 turns).

xveg the Slinger (Halfling Hunter)                  Turns: 1395, Time: 00:03:26

Health: -1/35      AC:  5    Str: 14    XL:     5   Next: 34%
Magic:  5/5        EV: 14    Int:  9    God:
Gold:   69         SH:  0    Dex: 15    Spells: 4/4 levels left

rFire    x . .     SeeInvis .   a - +1 hunting sling
rCold    + . .     Gourm    .   (shield restricted)
rNeg     . . .     Faith    .   c - +0 leather armour
rPois    .         Spirit   .   u - +0 helmet
rElec    .         Reflect  .   d - +0 cloak
rCorr    .         Harm     .   (no gloves)
MR       .....                  (no boots)
Stlth    ++........             r - amulet of rage
HPRegen  0.11/turn              l - ring of ice
MPRegen  0.09/turn              (no ring)

@: flying
A: small, mutation resistance 1
a: Evoke Berserk Rage


You were on level 2 of the Dungeon.
You were not hungry.

You visited 1 branch of the dungeon, and saw 3 of its levels.

You collected 69 gold pieces.

Inventory:

Hand Weapons
 a - a +1 hunting sling (weapon)
 b - a +0 short sword
Missiles
 n - 44 stones (quivered)
Armour
 c - a +0 leather armour (worn)
 d - a +0 cloak (worn)
 u - a +0 helmet (worn)
Jewellery
 l - a ring of ice (left hand)
 r - an amulet of rage (around neck)
Scrolls
 e - a scroll of noise {unknown}
 g - a scroll of enchant armour {unknown}
 j - a scroll of teleportation {unknown}
 k - 3 scrolls of remove curse {unknown}
 s - 2 scrolls of identify {unknown}
Potions
 h - a potion of resistance {unknown}
 i - a potion of curing {unknown}
 m - a potion of agility {unknown}
 o - a potion of flight
 q - a potion of might {unknown}
 t - a potion of heal wounds {unknown}
Comestibles
 f - 5 rations


   Skills:
 + Level 2.6 Fighting
 + Level 1.1 Short Blades
 + Level 8.1 Slings
 + Level 0.3 Armour
 + Level 2.2 Dodging
 + Level 1.2 Stealth


You had 4 spell levels left.
You didn't know any spells.
Your spell library was empty.

Dungeon Overview and Level Annotations

Branches:
Dungeon (3/15)

Altars:
Nemelex Xobeh
Xom


Innate Abilities, Weirdness & Mutations

You are small and have problems with some larger weapons.
You are somewhat resistant to further mutation.


Message History

Firing (i - inventory)
n - 46 stones (quivered)
Press: ? - help, Shift-Dir - straight line, f - ooze
Aim: an ooze (almost dead)
You shoot a stone. The stone hits the ooze.
You kill the ooze!
Something hits you but does no damage.
Deactivating autopickup; reactivate with Ctrl-A.
The orc barely misses you.
Firing (i - inventory)
n - 45 stones (quivered)
Press: ? - help, Shift-Dir - straight line, f - orc
Aim: an orc, wielding a -3 club You shoot a stone.
The stone barely misses the orc.
The orc closely misses you.
You hear some strange, mumbled words.
A magic dart appears from out of thin air!
The magic dart hits you!
* * * LOW HITPOINT WARNING * * *
It was a potion of flight.
You feel very buoyant.
You fly up into the air.
The orc hits you with a +0 flail.
You die...

## .# .########
.##.....#
.##.....#####
†...........#
.##########.######
.+.......(.<...{@###
.########......oo(.#
.# ##...(......# ##
#...........#
#...........#
#...........#
#...........#
#....######## #
######


You could see 2 orcs.

Vanquished Creatures
  A bullfrog skeleton (D:2)
  2 adders (D:2)
  An ooze (D:2)
  2 worms (D:2)
  3 dart slugs
  A leopard gecko (D:1)
  An orc (D:3)
  8 bats
  4 giant cockroaches
  9 goblins
  7 hobgoblins
  3 jackals (D:1)
  6 kobolds
  5 frilled lizards
  7 rats
60 creatures vanquished.

Notes
Turn   | Place    | Note
-------+----------+-------------------------------------------
     0 | D:1      | xveg the Halfling Hunter began the quest for the Orb.
     0 | D:1      | Reached XP level 1. HP: 14/14 MP: 1/1
    23 | D:1      | Reached skill level 6 in Slings
    99 | D:1      | Reached XP level 2. HP: 7/19 MP: 2/2
   318 | D:1      | Reached XP level 3. HP: 22/24 MP: 3/3
   734 | D:1      | Reached skill level 7 in Slings
   884 | D:2      | Reached XP level 4. HP: 30/30 MP: 4/4
  1058 | D:2      | Reached XP level 5. HP: 33/35 MP: 5/5
  1081 | D:2      | Found a shimmering altar of Xom.
  1083 | D:2      | Found a shimmering altar of Xom.
  1083 | D:2      | Found a shimmering altar of Xom.
  1227 | D:2      | Reached skill level 8 in Slings
  1254 | D:2      | Reached skill level 1 in Short Blades
  1274 | D:2      | Found a sparkling altar of Nemelex Xobeh.
  1394 | D:2      | HP: 1/35 [something/magic dart (10)]
  1395 | D:2      | Slain by an orc

Skill      XL: |  1  2  3  4  5 |
---------------+----------------+-----
Slings         | 6 7 8 |  8.1
Fighting       | 2 |  2.6
Short Blades   | 1 |  1.1
Armour         | |  0.3
Dodging        | |  2.2
Stealth        | |  1.2

Action                   |  1- 3 |  4- 6 || total
-------------------------+-------+-------++-------
Melee: Short sword       |     5 |    17 ||    22
 Fire: Hunting sling     |   130 |    80 ||   210
  Use: Potion            |       |     1 ||     1
  Eat: Chunk             |       |     1 ||     1
Armor: Leather armour    |    14 |    11 ||    25
Dodge: Dodged            |    40 |    37 ||    77
